 Dungeon Crawl Stone Soup version 0.31-a0-774-g0d66cbabe8 (webtiles) character file.

Game seed: 17693476359201400287

67 rockygargoyle the Poker (level 4, -1/34 (36) HPs)
             Began as a Gnoll Cinder Acolyte on Sept 17, 2023.
             Was a High Priest of Ignis.
             Slain by Crazy Yiuf
             ... wielding a +3 quarterstaff of chaos
              (9 damage)
             ... on level 2 of the Dungeon.
             The game lasted 00:04:15 (1618 turns).

rockygargoyle the Poker (Gnoll Cinder Acolyte)      Turns: 1618, Time: 00:04:16

HP:   -1/34 (36)    AC: 12    Str: 14    XL:     4   Next: 16%
MP:   1/8           EV: 11    Int: 13    God:    Ignis [*****.]
Gold: 76            SH:  0    Dex:  9    Spells: 1/9 levels left

rFire   + . .        a - -1 spear (flame)
rCold   . . .        (no shield)
rNeg    . . .        b - +0 robe
rPois   .            (no helmet)
rElec   .            (no cloak)
rCorr   .            (no gloves)
SInv    .            n - +2 pair of boots
Will    .....        (no amulet)
Stlth   +            g - ring of wizardry
HPRegen 0.25/turn    (no ring)
MPRegen 0.11/turn

%: wizardry (x1)
@: lethally poisoned (-1 -> -6), attractive, fiery-armoured, hasted, drained,
very quick
A: fangs 1, strong nose, distributed training, frail 1, inability to drink after
injury 1
a: Renounce Religion, Fiery Armour, Foxfire Swarm, Rising Flame


You were on level 2 of the Dungeon.
You worshipped Ignis.
Ignis was extremely pleased with you.
You visited 1 branch of the dungeon, and saw 2 of its levels.

You collected 76 gold pieces.

Inventory:

Hand Weapons
 a - a -1 spear of flaming (weapon)
 c - a +1 whip of holy wrath
 l - a +0 quarterstaff
Armour
 b - a +0 robe (worn)
 n - a +2 pair of boots (worn)
Jewellery
 g - a ring of wizardry (left hand)
Scrolls
 d - a scroll of immolation {unknown}
 e - a scroll of teleportation {unknown}
 k - a scroll of acquirement {unknown}
 m - a scroll of enchant armour {unknown}
Potions
 i - 2 potions of curing


   Skills:
 + Level 6.6 Fighting
 + Level 1.1 Short Blades
 + Level 1.1 Long Blades
 + Level 1.1 Axes
 + Level 1.1 Maces & Flails
 + Level 6.6 Polearms
 + Level 1.1 Staves
 + Level 1.1 Ranged Weapons
 + Level 1.1 Throwing
 + Level 1.1 Armour
 + Level 1.1 Dodging
 + Level 1.1 Stealth
 + Level 1.1 Shields
 + Level 1.1 Unarmed Combat
 + Level 3.0 Spellcasting
 + Level 0.8 Conjurations
 + Level 0.8 Hexes
 + Level 0.8 Summonings
 + Level 0.8 Necromancy
 + Level 0.8 Translocations
 + Level 0.8 Transmutations
 + Level 5.4 Fire Magic
 + Level 0.8 Ice Magic
 + Level 0.8 Air Magic
 + Level 0.8 Earth Magic
 + Level 0.8 Poison Magic
 + Level 1.2 Invocations
 + Level 1.1 Evocations
 + Level 1.0 Shapeshifting


You had one spell level left.
You knew the following spells:

 Your Spells              Type           Power      Damage    Failure   Level
a - Scorch                Fire           32%        2d6       1%          2
b - Gell's Gravitas       Tloc           4%         N/A       19%         3
c - Mephitic Cloud        Conj/Pois/Air  4%         N/A       19%         3

Your spell library contained the following spells:

 Spells                   Type           Power      Damage    Failure   Level
 Magic Dart               Conj           16%        1d3       6%          1
 Call Imp                 Summ           8%         N/A       10%         2
 Teleport Other           Tloc           4%         N/A       19%         3
 Dispersal                Tloc           2%         N/A       100%        6


Dungeon Overview and Level Annotations

Branches:
Dungeon (2/15)

Altars:

Shops:
D:2 =

Annotations:
D:2 Crazy Yiuf


Innate Abilities, Weirdness & Mutations

You have very sharp teeth.
Your uncanny sense of smell can sniff out nearby items.
Your experience applies equally to all skills.
You are frail. (-10% HP)
You occasionally lose the ability to drink potions when taking damage.


Message History

It was a potion of mutation.
You feel extremely strange.
You occasionally lose the ability to drink potions when taking damage.
You feel frail.
You feel sick.
Crazy Yiuf is no longer more vulnerable to fire.
Crazy Yiuf cries, "You leg down broken song, no?"
Crazy Yiuf hits you with a +3 quarterstaff of chaos.
* * * LOW HITPOINT WARNING * * *
You feel drained.
* * * LOW HITPOINT WARNING * * *
It was a potion of haste.
You feel yourself speed up.
You feel sick. Crazy Yiuf misses you.
It was a potion of attraction.
You feel attractive to monsters.
You feel better.
Crazy Yiuf hits you with a +3 quarterstaff of chaos.
Crazy Yiuf freezes you.
You hit Crazy Yiuf. You burn Crazy Yiuf.
Crazy Yiuf is moderately wounded.
You hit Crazy Yiuf but do no damage.
Crazy Yiuf is moderately wounded.
Crazy Yiuf misses you.
A protective cloak of flame settles atop you.
Crazy Yiuf hits you with a +3 quarterstaff of chaos.
You are poisoned.
Crazy Yiuf is burned by your cloak of flames.
Crazy Yiuf is severely wounded.
You barely miss Crazy Yiuf. Your bite misses Crazy Yiuf.
Crazy Yiuf is severely wounded.
You feel sick.
You hit Crazy Yiuf but do no damage.
Crazy Yiuf is severely wounded.
You feel sick. Crazy Yiuf misses you.
You hit Crazy Yiuf. You burn Crazy Yiuf.
Crazy Yiuf is almost dead.
You feel sick.
You barely miss Crazy Yiuf.
Crazy Yiuf is almost dead.
Crazy Yiuf hits you with a +3 quarterstaff of chaos!
You die...

#.#
#........)..#####
####.#
#........##)#
#....#
#######..##.#####
##.####
##.....>... #..#
#.##...)##
#.########
#'#####.##
#.##...#.### ###
#..# #..#
#.......#..##...#
#..# ##.#
#....#.####@g...#
#..# #.# ##.#..##
###..)#
#..#####.# ######
### #.........
########.# #.#
#.. ########
#....... #.......


You could see Crazy Yiuf.

Vanquished Creatures
  Robin (D:2)
  A dart slug (D:2)
  2 ball pythons (D:2)
  3 bats (D:1)
  6 endoplasms
  A giant cockroach (D:1)
  13 goblins
  7 hobgoblins
  A quokka (D:1)
  A frilled lizard (D:2)
  5 kobolds
  4 rats
45 creatures vanquished.

Notes
Turn   | Place    | Note
-------+----------+-------------------------------------------
     0 | D:1      | rockygargoyle the Gnoll Cinder Acolyte began the quest for
                  | the Orb.
     0 | D:1      | Reached XP level 1. HP: 23/23 MP: 4/4
   140 | D:1      | Reached XP level 2. HP: 29/29 MP: 5/5
   374 | D:1      | Learned a level 2 spell: Scorch
   597 | D:1      | Reached XP level 3. HP: 35/35 MP: 7/7
  1301 | D:2      | Found Tudalod's Jewellery Shop.
  1328 | D:2      | Reached skill level 1 in Invocations
  1373 | D:2      | Noticed Robin
  1390 | D:2      | Reached skill level 1 in Short Blades
  1390 | D:2      | Reached skill level 1 in Long Blades
  1390 | D:2      | Reached skill level 1 in Axes
  1390 | D:2      | Reached skill level 1 in Maces & Flails
  1390 | D:2      | Reached skill level 1 in Staves
  1390 | D:2      | Reached skill level 1 in Ranged Weapons
  1390 | D:2      | Reached skill level 1 in Throwing
  1390 | D:2      | Reached skill level 1 in Armour
  1390 | D:2      | Reached skill level 1 in Dodging
  1390 | D:2      | Reached skill level 1 in Stealth
  1390 | D:2      | Reached skill level 1 in Shields
  1390 | D:2      | Reached skill level 1 in Unarmed Combat
  1390 | D:2      | Reached skill level 1 in Evocations
  1392 | D:2      | Killed Robin
  1393 | D:2      | Reached XP level 4. HP: 36/41 MP: 8/8
  1394 | D:2      | Reached skill level 1 in Shapeshifting
  1464 | D:2      | Found a runed translucent door.
  1465 | D:2      | Noticed Crazy Yiuf
  1540 | D:2      | Learned a level 3 spell: Gell's Gravitas
  1548 | D:2      | Learned a level 3 spell: Mephitic Cloud
  1608 | D:2      | Gained mutation: You occasionally lose the ability to drink
                  | potions when taking damage. [potion of mutation]
  1608 | D:2      | Gained mutation: You are frail. (-10% HP) [potion of
                  | mutation]
  1618 | D:2      | Slain by Crazy Yiuf

Illustrated notes

Levels and vault maps discovered:
D:1:      lightli_arrival_farm, layout_basic
D:2:      layout_basic, serial_glass, glass_columns_a, glass_columns_c,
          serial_shops, shop, uniq_crazy_yiuf_cottage, uniq_sigmund, uniq_robin

Skill      XL: |  1  2  3  4 |
---------------+-------------+-----
Invocations    | 1 |  1.2
Short Blades   | 1 |  1.1
Long Blades    | 1 |  1.1
Axes           | 1 |  1.1
Maces & Flails | 1 |  1.1
Staves         | 1 |  1.1
Ranged Weapons | 1 |  1.1
Throwing       | 1 |  1.1
Armour         | 1 |  1.1
Dodging        | 1 |  1.1
Stealth        | 1 |  1.1
Shields        | 1 |  1.1
Unarmed Combat | 1 |  1.1
Evocations     | 1 |  1.1
Shapeshifting  | 1 |  1.0
Spellcasting   | 3 |  3.0
Fighting       | |  6.6
Polearms       | |  6.6
Conjurations   | |  0.8
Hexes          | |  0.8
Summonings     | |  0.8
Necromancy     | |  0.8
Translocations | |  0.8
Transmutations | |  0.8
Fire Magic     | |  5.4
Ice Magic      | |  0.8
Air Magic      | |  0.8
Earth Magic    | |  0.8
Poison Magic   | |  0.8

Action                     |  1- 3 |  4- 6 || total
---------------------------+-------+-------++-------
  Melee: Spear             |    85 |    19 ||   104
         Bite              |     4 |     2 ||     6
   Cast: Scorch            |    10 |     1 ||    11
         Mephitic Cloud    |       |     1 ||     1
 Invoke: Fiery Armour      |     1 |     1 ||     2
    Use: Potion            |       |     5 ||     5
 Armour: Robe              |    31 |    13 ||    44
  Dodge: Dodged            |    31 |     7 ||    38

Table legend: (Time is in decaauts)
 A = Elapsed time spent in this place.
 B = Non-inter-level travel time spent in this place.
 C = Inter-level travel time spent in this place.
 D = Time resting spent in this place.
 E = Time spent auto-exploring this place.
 F = Levels seen in this place.
 G = Mean time per level.
                   A        B        C        D        E       F      G
               +--------+--------+--------+--------+--------+-----+--------+
         Total |   1618 |   1575 |     43 |      0 |   1297 |   2 |  809.0 |
       Dungeon |   1618 |   1575 |     43 |      0 |   1297 |   2 |  809.0 |
               +--------+--------+--------+--------+--------+-----+--------+

Top non-repeatable levels by time:
     D:1: 939 daAuts
     D:2: 678 daAuts
